 Dungeon Crawl Stone Soup version 0.29-a0-283-ga02f740833 (webtiles) character file.

Game seed: 13638282920583627611

139 Dabor the Shield-Bearer (level 5, -5/33 HPs)
             Began as a Gargoyle Fighter on Mar 13, 2022.
             Killed from afar by a white imp (7 damage)
             ... with a puff of frost
             ... summoned by Natasha
             ... on level 2 of the Dungeon.
             The game lasted 00:03:16 (1851 turns).

Dabor the Shield-Bearer (Gargoyle Fighter)          Turns: 1851, Time: 00:03:17

Health: -5/33      AC: 13    Str: 22    XL:     5   Next: 22%
Magic:  5/5        EV:  9    Int:  8    God:
Gold:   55         SH:  9    Dex:  9    Spells: 4/4 levels left

rFire   . . .      SeeInvis .   a - +0 flail
rCold   . . .      Faith    .   c - +0 buckler
rNeg    + . .      Spirit   .   b - +0 scale mail
rPois   ∞          Reflect  +   (no helmet)
rElec   +          Harm     .   h - +0 cloak
rCorr   .          Rampage  .   f - +0 pair of gloves
Will    .....                   (no boots)
Stlth   ..........              e - amulet of reflection
HPRegen 0.11/turn               (no ring)
MPRegen 0.09/turn               (no ring)

@: slowed, very slow
A: sickness immunity, AC +4, negative energy resistance 1, electricity
resistance, torment resistance 1, petrification resistance
a: no special abilities


You were on level 2 of the Dungeon.
You visited 1 branch of the dungeon, and saw 2 of its levels.

You collected 81 gold pieces.
You spent 26 gold pieces at shops.

Inventory:

Hand Weapons
 a - a +0 flail (weapon)
Armour
 b - a +0 scale mail (worn)
 c - a +0 buckler (worn)
 f - a +0 pair of gloves (worn)
 h - a +0 cloak (worn)
Jewellery
 e - an amulet of reflection (around neck)
 r - an amulet of faith
Scrolls
 j - a scroll of fog {unknown}
 l - 4 scrolls of identify
 m - a scroll of magic mapping {unknown}
 n - 3 scrolls of noise {unknown}
 o - 2 scrolls of teleportation {unknown}
 s - a scroll of immolation {unknown}
 t - a scroll of fear {unknown}
Potions
 d - a potion of might
 g - a potion of degeneration {unknown}
 i - a potion of attraction {unknown}
 k - a potion of invisibility {unknown}
 p - a potion of haste {unknown}
 q - a potion of curing {unknown}


   Skills:
 + Level 4.2 Fighting
 + Level 3.0 Maces & Flails
 + Level 4.2 Armour
 + Level 4.2 Shields


You had 4 spell levels left.
You didn't know any spells.
Your spell library contained the following spells:

 Spells                   Type           Power      Damage    Failure   Level
 Animate Skeleton         Necr           0%         N/A       82%         1
 Apportation              Tloc           0%         N/A       82%         1
 Sting                    Tmut/Pois      0%         1d3       82%         1
 Summon Small Mammal      Summ           0%         N/A       82%         1
 Poisonous Vapours        Pois/Air       0%         N/A       91%         2
 Animate Armour           Summ/Erth      0%         N/A       100%        4
 Olgreb's Toxic Radiance  Pois           0%         N/A       100%        4
 Blade Hands              Tmut           0%         N/A       100%        5
 Iron Shot                Conj/Erth      0%         9d1       100%        6


Dungeon Overview and Level Annotations

Branches:
Dungeon (2/15)

Altars:

Shops:
D:1 =   D:2 *

Annotations:
D:2 Natasha


Innate Abilities, Weirdness & Mutations

You are immune to sickness and miasma.
Your stone body is resilient. (AC +4)
You are immune to poison.
You resist negative energy. (rN+)
You are resistant to electric shocks. (rElec)
You are resistant to unholy torment.
You are immune to petrification.


Message History

You closely miss the shadow imp.
The shadow imp is severely wounded.
The shadow imp closely misses you.
The white imp hits you but does no damage.
The white imp gestures at you. The puff of frost hits you.
You hit the iron imp.
The iron imp is moderately wounded.
You block the white imp's attack. The iron imp completely misses you.
The white imp hits you but does no damage.
You barely miss the iron imp.
The iron imp is moderately wounded.
The shadow imp closely misses you. You block the white imp's attack.
The iron imp hits you. You block the shadow imp's attack.
The white imp hits you but does no damage.
You hit the shadow imp.
The shadow imp is almost dead.
The shadow imp hits you. The iron imp misses you.
The white imp closely misses you. Natasha casts a spell at you.
You feel as though you will be slow longer.
The shadow imp gestures at you. Pain shoots through your body!
You block the iron imp's attack. The white imp gestures at you.
The puff of frost misses you.
The puff of frost hits the shadow imp.
The shadow imp completely resists.
The iron imp attacks as you move away! You block the iron imp's attack.
The white imp puffs mist at you. You block the white imp's attack.
The shadow imp gestures at you. Pain shoots through your body!
* * * LOW HITPOINT WARNING * * *
The white imp attacks as you move away! You block the white imp's attack.
The iron imp attacks as you move away! The iron imp hits you.
* * * LOW HITPOINT WARNING * * *
The shadow imp attacks as you move away!
The shadow imp barely misses you. The white imp gestures at you.
The puff of frost hits you!
You die...

#..........# ###
#..........# ###..
#..........#
###...#
##..[.....##
##...### ##.....≈##
####..### #
####≈.≈#
#####....## #
##.≈≈≈#
###.....#### ##
#....≈###[..#####
#. #....≈..@.### #.
#...h≈5..## ##.
#....≈55.# #..
#........###### #†#
#...).........#####
#.#
#.>......####.....#
#.# #......).#
#####.## #.#
##########
#..####.# ##......#


You could see an iron imp (summoned), Natasha, a white imp (summoned) and a
shadow imp (summoned).

Vanquished Creatures
  Natasha (twice) (D:2)
  4 adders (D:2)
  A dart slug (D:2)
  2 bats (D:1)
  6 endoplasms
  3 giant cockroaches (D:1)
  2 goblins
  9 hobgoblins
  3 jackals (D:1)
  4 kobolds
  5 ball pythons (D:1)
  A frilled lizard (D:2)
  9 rats
51 creatures vanquished.

Notes
Turn   | Place    | Note
-------+----------+-------------------------------------------
     0 | D:1      | Dabor the Gargoyle Fighter began the quest for the Orb.
     0 | D:1      | Reached XP level 1. HP: 14/14 MP: 1/1
   175 | D:1      | Reached XP level 2. HP: 19/19 MP: 2/2
   671 | D:1      | Reached XP level 3. HP: 20/23 MP: 3/3
   861 | D:1      | Found Sulosmogeg's Jewellery Boutique.
  1121 | D:2      | Reached XP level 4. HP: 26/29 MP: 4/4
  1218 | D:2      | Noticed Natasha
  1219 | D:2      | Found Hodul's General Store.
  1241 | D:2      | Killed Natasha
  1545 | D:2      | Bought a scroll of identify for 26 gold pieces
  1754 | D:2      | Noticed Natasha
  1758 | D:2      | Killed Natasha
  1759 | D:2      | Reached XP level 5. HP: 33/33 MP: 5/5
  1827 | D:2      | Noticed Natasha
  1851 | D:2      | Killed from afar by a white imp

Illustrated notes

Levels and vault maps discovered:
D:1:      psy_arrival_whirlpool, layout_basic, serial_shops,
          nicolae_shop_behind_doors, chequers_serial_rivers_micro_c,
          minmay_octomino_c4
D:2:      layout_rooms, serial_rivers, chequers_serial_rivers_room_b,
          chequers_serial_rivers_micro_a, chequers_serial_rivers_micro_e,
          chequers_serial_rivers_small_3, serial_shops, shop, uniq_natasha

Skill      XL: |  1  2  3  4 |
---------------+-------------+-----
Fighting       | 4 |  4.2
Armour         | 4 |  4.2
Shields        | 4 |  4.2
Maces & Flails | 3 |  3.0

Action                   |  1- 3 |  4- 6 || total
-------------------------+-------+-------++-------
Melee: Flail             |   119 |    79 ||   198
Armor: Scale mail        |    52 |    54 ||   106
Dodge: Dodged            |    47 |    37 ||    84
Block: Buckler           |    77 |    63 ||   140
       Reflection        |       |     1 ||     1

Table legend: (Time is in decaauts)
 A = Elapsed time spent in this place.
 B = Non-inter-level travel time spent in this place.
 C = Inter-level travel time spent in this place.
 D = Time resting spent in this place.
 E = Time spent auto-exploring this place.
 F = Levels seen in this place.
 G = Mean time per level.
                   A        B        C        D        E       F      G
               +--------+--------+--------+--------+--------+-----+--------+
         Total |   1941 |   1919 |     22 |    389 |   1053 |   2 |  970.5 |
       Dungeon |   1941 |   1919 |     22 |    389 |   1053 |   2 |  970.5 |
               +--------+--------+--------+--------+--------+-----+--------+

Top non-repeatable levels by time:
     D:2: 977 daAuts
     D:1: 964 daAuts
